Cogmind - Beta 10.2 *** ADVENTURER MODE // 2022.02.26 @ 03:55:33 Player: woegarden Result: Self-destructed Performance ------------- Evolutions (1) 500 Regions Visited (3) 600 Robots Destroyed (7) 35 Value Destroyed (245) 245 Prototype IDs (0) 0 Alien Tech Used (0) 0 Bonus (0) 0 TOTAL SCORE: 1380 Bonus ------- None Cogmind --------- Core Integrity 331/400 Matter 191/300 Energy 100/100 System Corruption 0% Temperature Cool (0) Movement Rolling (100) Location -9/Materials Parts ------- > --- POWER (1) -------- (None) > --- PROPULSION (4) --- Light Treads Compact Wheel > --- UTILITY (2) ------ Small Storage Unit Small Storage Unit > --- WEAPON (2) ------- Mace Mace > --- INVENTORY (8) ---- Light Treads Light Treads Particle Cannon Shotgun Peak State ------------ > --- POWER ------------ Light Ion Engine > --- PROPULSION ------- Light Treads Light Treads Compact Wheel Compact Wheel > --- UTILITY ---------- Small Storage Unit Small Storage Unit > --- WEAPON ----------- Particle Cannon Shotgun > --- INVENTORY -------- Light Treads Compact Wheel [Rating: 11] Favorites ----------- Power Light Ion Engine Engine Light Ion Engine Propulsion Compact Wheel Treads Light Treads Wheel Compact Wheel Utility Small Storage Unit Storage Small Storage Unit Weapon Shotgun Energy Gun Small Laser Energy Cannon Particle Cannon Ballistic Gun Shotgun Impact Weapon Mace Build | -11 -10 -10 -9 ------- Run | Scr Mat Min Mat Slots Evolved 2 | . . . 2 Power . | . . . . Propulsion 2 | . . . 2 Utility . | . . . . Weapon . | . . . . Parts Attached 20 | 8 4 3 5 Power 2 | 1 . 1 . Engine 2 | 1 . 1 . Core . | . . . . Reactor . | . . . . Propulsion 7 | 2 2 . 3 Treads 4 | 2 . . 2 Leg . | . . . . Wheel 3 | . 2 . 1 Hover . | . . . . Flight . | . . . . Utility 2 | 2 . . . Device . | . . . . Storage 2 | 2 . . . Processor . | . . . . Hackware . | . . . . Protection . | . . . . Artifact . | . . . . Weapon 9 | 3 2 2 2 Energy Gun 3 | 3 . . . Energy Cannon 2 | . 1 1 . Ballistic Gun 2 | . 1 1 . Ballistic Cannon . | . . . . Launcher . | . . . . Special Weapon . | . . . . Impact Weapon 2 | . . . 2 Slashing Weapon . | . . . . Piercing Weapon . | . . . . Special Melee Weapon . | . . . . Unidentified Prototypes . | . . . . Parts Lost 5 | . . 2 3 Power 2 | . . 1 1 Propulsion 2 | . . . 2 Utility . | . . . . Weapon 1 | . . 1 . Highest Loss Streak 3 | . . 2 3 Average Slot Usage (%) 92 | . 98 89 94 Engine 13 | . 14 13 11 Treads 8 | . 25 . 11 Wheel 20 | . 2 28 27 Storage 27 | . 28 28 22 Energy Gun 1 | . 7 . . Energy Cannon 6 | . 10 4 7 Ballistic Gun 11 | . 9 14 7 Impact Weapon 1 | . . . 7 Naked Turns . | . . . . Heaviest Build 18 | 14 18 18 18 Greatest Support 48 | 40 40 32 48 Greatest Overweight (x) 1 | 1 . . . Average Overweight (x) . | . . . . Largest Inventory Capacity 8 | 8 8 8 8 Average Capacity 7 | 6 8 8 8 Most Carried 7 | 4 6 7 4 Average Carried 4 | 3 4 6 2 Final Capacity 8 | 8 8 8 8 Final Carried 6 | 3 6 4 4 Class Distribution -------------------- 100% | Mutant Dominant Class ---------------- Mutant | -10/Materials Mutant | -10/Mines Mutant | -9/Materials Resources | -11 -10 -10 -9 ----------- Run | Scr Mat Min Mat Matter Collected 348 | 280 . 68 . Remotely . | . . . . Salvage Created 348 | 91 . 257 . Parts 20 | 3 . 17 . Haulers Intercepted . | . . . . Recyclers Shooed 1 | . . 1 . Parts Field Recycled . | . . . . Retrieved Matter . | . . . . Parts Self-Destructed . | . . . . Prevented . | . . . . Kills | -11 -10 -10 -9 ------- Run | Scr Mat Min Mat Combat Hostiles Destroyed 6 | . . 6 . Guns 5 | . . 5 . Cannons 1 | . . 1 . Classes Destroyed 3 | 1 . 2 . Recycler 1 | 1 . . . Grunt 4 | . . 4 . Sentry 2 | . . 2 . Best Kill Streak 2 | 1 . 2 . Combat Bots Only 2 | . . 2 . Max Kills in Single Turn 1 | 1 . 1 . Gunslinging . | . . . . Exploded . | . . . . Melee . | . . . . Uniques/NPCs Destroyed . | . . . . Combat | -11 -10 -10 -9 -------- Run | Scr Mat Min Mat Damage Taken 651 | . 93 289 269 Core 128 | . . 59 69 Absorbed by Shields . | . . . . Core Remaining (%) 88 | 100 . 76 . Volleys Fired 25 | 1 . 24 . Largest 2 | 2 . 2 . Hottest 91 | 80 . 91 . Shots Fired 33 | 2 . 31 . Gun 23 | 2 . 21 . Cannon 10 | . . 10 . Launcher . | . . . . Special . | . . . . Kinetic 21 | . . 21 . Thermal 11 | 1 . 10 . Explosive . | . . . . Electromagnetic 1 | 1 . . . Robot Hit Streak 9 | 2 . 9 . Robot Miss Streak 2 | . . 2 . Penetration Max . | . . . . Secondary Targets . | . . . . Shots Hit Robots 32 | 2 . 26 4 Core Hits 18 | 1 . 16 1 Critical Hits 3 | . . 3 . Critical Kills . | . . . . Critical Parts Destroyed 3 | . . 3 . Melee Attacks 5 | . . . 5 Impact 5 | . . . 5 Slashing . | . . . . Piercing . | . . . . Sneak Attacks . | . . . . Combat Hostiles . | . . . . Follow-up Attacks 1 | . . . 1 Damage Inflicted 582 | 47 . 455 80 Guns 320 | 13 . 307 . Cannons 144 | . . 144 . Explosions 34 | 34 . . . Melee 80 | . . . 80 Ramming 4 | . . 4 . Kinetic 307 | . . 307 . Thermal 178 | 34 . 144 . Explosive . | . . . . Electromagnetic 13 | 13 . . . Impact 80 | . . . 80 Slashing . | . . . . Piercing . | . . . . Highest Corruption . | . . . . Average Corruption . | . . . . Corruption Purged . | . . . . Overload Shots . | . . . . Overflow Damage . | . . . . Projectiles . | . . . . Explosions . | . . . . Melee . | . . . . Knockbacks 4 | . . 1 3 Impact 4 | . . 1 3 Kinetic . | . . . . Secondary . | . . . . Self-Inflicted Damage 2 | . . 2 . Shots . | . . . . Rammed 1 | . . 1 . Targets Rammed 1 | . . 1 . Kicked . | . . . . Crushed . | . . . . Highest Temperature 275 | 18 . 275 . Average Temperature 119 | 12 . 126 . Received Heat Transfer 387 | . 54 180 153 Siege Activations . | . . . . Robots Corrupted . | . . . . Combat Hostiles . | . . . . Parts Fried . | . . . . Impact Corruptions . | . . . . Robots Melted . | . . . . Combat Hostiles . | . . . . Parts Melted . | . . . . Heat Transferred 259 | . . 259 . Parts Sabotaged . | . . . . Parts Stolen . | . . . . Parts Stripped . | . . . . Power Chain Reactions 1 | 1 . . . Missiles Intercepted . | . . . . Alert | -11 -10 -10 -9 ------- Run | Scr Mat Min Mat Peak Influence 185 | 5 2 185 75 Initial 60 | . 2 . 60 Average 62 | 3 2 112 62 Maximum Alert Level . | . . . . Low Security (%) 100 | 100 100 100 100 Level 1 . | . . . . Level 2 . | . . . . Level 3 . | . . . . Level 4 . | . . . . Level 5 . | . . . . High Security . | . . . . Max Security . | . . . . Squads Dispatched . | . . . . Investigation . | . . . . Extermination . | . . . . Reinforcement . | . . . . Assault . | . . . . Garrison . | . . . . Intercept . | . . . . Construction Impeded . | . . . . Haulers Reinforced . | . . . . Stealth | -11 -10 -10 -9 --------- Run | Scr Mat Min Mat Distress Signals 2 | . 1 . 1 Communications Jammed . | . . . . Distress Signals . | . . . . Times Spotted 19 | . 4 9 6 Peak Tracking Total 6 | . 4 3 6 Tactical Retreats 3 | . . 3 . Traps | -11 -10 -10 -9 ------- Run | Scr Mat Min Mat Traps Triggered . | . . . . Indirectly . | . . . . Trap Hack Attempts . | . . . . Triggered . | . . . . Disarmed . | . . . . Reprogrammed . | . . . . Reused . | . . . . Traps Extracted . | . . . . Installed . | . . . . Triggered . | . . . . Machines | -11 -10 -10 -9 ---------- Run | Scr Mat Min Mat Machines Disabled . | . . . . Max in Single Turn . | . . . . Machines Sabotaged . | . . . . Garrisons Compromised . | . . . . Overloaded Fab Kills . | . . . . Fab Network Shutdowns . | . . . . Hacking | -11 -10 -10 -9 --------- Run | Scr Mat Min Mat Machines Accessed . | . . . . Terminals . | . . . . Fabricators . | . . . . Repair Stations . | . . . . Recycling Units . | . . . . Scanalyzers . | . . . . Garrison Access . | . . . . Total Hacks . | . . . . Successful . | . . . . Failed . | . . . . Catastrophic . | . . . . Database Lockouts . | . . . . Manual . | . . . . Terminals . | . . . . Fabricators . | . . . . Repair Stations . | . . . . Recycling Units . | . . . . Scanalyzers . | . . . . Garrison Access . | . . . . Terminal Hacks . | . . . . Fabricator Hacks . | . . . . Repair Station Hacks . | . . . . Recycling Unit Hacks . | . . . . Scanalyzer . | . . . . Garrison Access Hacks . | . . . . Unauthorized Hacks . | . . . . Terminals . | . . . . Fabricators . | . . . . Repair Stations . | . . . . Recycling Units . | . . . . Scanalyzers . | . . . . Garrison Access . | . . . . Data Cores Recovered . | . . . . Used . | . . . . Hacking Detections . | . . . . Full Trace Events . | . . . . Feedback Events . | . . . . Feedback Blocked . | . . . . Robot Schematics Acquired . | . . . . Robots Built . | . . . . Matter . | . . . . Time . | . . . . Total Robot Build Rating . | . . . . Part Schematics Acquired . | . . . . Parts Built . | . . . . Matter . | . . . . Time . | . . . . Total Part Build Rating . | . . . . Parts Repaired . | . . . . Time . | . . . . Parts Recycled . | . . . . Recycled Matter . | . . . . Retrieved Matter . | . . . . Retrieved Components . | . . . . Parts Scanalyzed . | . . . . Part Schematics Acquired . | . . . . Parts Damaged . | . . . . Bothacking | -11 -10 -10 -9 ------------ Run | Scr Mat Min Mat Used RIF Installer . | . . . . Robots Hacked . | . . . . Non-combat . | . . . . Combat . | . . . . Robot Hacks Applied . | . . . . Relay Couplers Released . | . . . . Robots Rewired . | . . . . Allies Hacked . | . . . . Hacks Repelled . | . . . . Allies | -11 -10 -10 -9 -------- Run | Scr Mat Min Mat Total Allies . | . . . . Largest Group . | . . . . Highest-Rated Group . | . . . . Highest-Rated Ally . | . . . . Total Orders . | . . . . Ally Attacks . | . . . . Total Damage . | . . . . Kills . | . . . . Allies Corrupted . | . . . . Allies Melted . | . . . . Intel | -11 -10 -10 -9 ------- Run | Scr Mat Min Mat Robot Analysis Total . | . . . . Derelict Logs Recovered . | . . . . Drone Launches . | . . . . Drone Recoveries . | . . . . Exploration | -11 -10 -10 -9 ------------- Run | Scr Mat Min Mat Turns Passed 554 | 113 116 269 56 Spaces Moved 381 | 67 67 208 39 Core 17 | 17 . . . Treads 109 | 50 59 . . Legs . | . . . . Wheels 255 | . 8 208 39 Hover . | . . . . Flight . | . . . . Fastest Speed 50 | 50 100 100 100 Average Speed 115 | 134 152 100 100 Slowest Speed 160 | 160 160 100 100 Overloaded Moves . | . . . . Propulsion Burnouts . | . . . . Robots Hopped . | . . . . Cave-ins Triggered . | . . . . Exploration Rate (%) 22 | 6 25 49 8 Regions Visited 3 Branch Regions 1 Pre-discovered Areas . | . . . . Known Exits Taken . | . . . . Unknown Exits Taken 3 | 1 1 1 . Scrap Searched 1 | . . 1 . Spaces Dug . | . . . . Terrain Destroyed . | . . . . Melee . | . . . . Projectile . | . . . . AOE . | . . . . Terrain Rammed . | . . . . Walls Destroyed . | . . . . Machines Disabled . | . . . . Actions | -11 -10 -10 -9 --------- Run | Scr Mat Min Mat Total 454 | 87 81 237 49 Wait 5 | 5 . . . Move 378 | 66 66 207 39 Hop . | . . . . Pick Up 16 | 6 7 1 2 Fast Attach 4 | 4 . . . Attach 8 | 3 1 2 2 Detach . | . . . . Swap 8 | 1 3 1 3 Drop 6 | 1 4 1 . Fire 25 | 1 . 24 . Melee 3 | . . . 3 Ram 1 | . . 1 . Kick . | . . . . Crush . | . . . . Escape Stasis . | . . . . Rewire . | . . . . Trap . | . . . . Miscellaneous . | . . . . Route ------- -11/Scrapyard -10/Materials -10/Mines (discovered 2 exits: [*Mat x2]) -9/Materials History --------- Turn | Location | Event 10 | -11/Scrapyard | Discovered new exit (range 15) 114 | -11/Scrapyard | Entered Materials 223 | -10/Materials | Discovered new exit (range 7) 230 | -10/Materials | Entered Mines 300 | -10/Mines | Build established: Mutant 302 | -10/Mines | Discovered new exit (range 11) 363 | -10/Mines | Discovered new exit (range 5) 499 | -10/Mines | Entered Materials 499 | -9/Materials | Evolved 2 slots: Propulsion x2 555 | -9/Materials | Self-destructed Last Messages --------------- 00441_ G-47 Trooper suffers critical hit. 00441_ Destroyed Aluminum Leg. 00443_ G-47 Trooper destroyed. 00446_ Acquired 40 matter. 00452_ Slammed into R-06 Scavenger. 00452_ R-06 Scavenger knocked back. 00498_ Dropped Shotgun. PARAMETERS=PROPULSION_2 LOCATION=UNKNOWN GOAL=ESCAPE 00523_ W-16 Scout distress signal alerts nearby ally. 00527_ U-05 Engineer destroyed. 00528_ Acquired Mace. 00541_ Com. Wheel destroyed. 00544_ G-47 Trooper knocked back. 00548_ Mace follow-up attack on G-47 Trooper. 00548_ G-47 Trooper knocked back. 00549_ U-05 Engineer lays Concrete. 00550_ Lgt. Ion Engine destroyed. 00551_ G-47 Trooper knocked back. Map ----- +----------------------------------------------------+ | #??????????????????????????????????????????????? | | #??????????????????????????????????????????????? | | #??????????????????????????????????????????????? | | #??????????????????????????????????????????????? | | #??????????????????????????????????????????????? | | #??????????????????????????????????????????????? | | #??????????????????????????????????????????????? | | #??????????????????????????????????????????????? | | +??????????????????????????????????????????????? | | #??????????????????????????????????????????????? | | #??????????????????????????????????????????????? | | #####+##### ???????????????????????????????????? | | ??????????????????????????????????? | | ??????????????????????????????????? | | ??????????????????????????????????? | | +#########???????????????????????????????????????? | | #???????????????????????????????????????????? | | #???????????????????????????????????????????? | | #?????????????????##########????????????????? | | #?????????????????# ????????????????? | | #?????????????????# ?????????????????? | | "" #???####+###??????# ?????????????????? | | "" #???# #??????# """ """?????????????????? | | "" ##### #??????# """ """ #???????????????? | | + ######## """ """ #???????????????? | | ########## + @ g #???????????????? | | ?????????# # g #???????????????? | | ?????????# !!= #####+#####???????????????? | | ?????????### !! #???????????????????? | | ???????????# != ????????????????? | | ???????????# ##+###########????????????????? | | ???????????# #?? ?????????????????????????? | | ???????????# #?????????????????????????????? | | ???????????# +?????????????????????????????? | | ???????????# #?????????????????????????????? | | ???????????#* ### ##?????????????????????????????? | | ???????????#%!#?#+#??????????????????????????????? | | ???????????#= #??????????????????????????????????? | | ??????????? ??????????????????????????????????? | | ?????????? ???????????????????????????????????? | | ?????????? ???????????????????????????????????? | | ??????????# ???????????????????????????????????? | | ??????????####???????????????????????????????????? | | ?????????????????????????????????????????????????? | | ?????????????????????????????????????????????????? | | ?????????????????????????????????????????????????? | | ?????????????????????????????????????????????????? | | ?????????????????????????????????????????????????? | | ?????????????????????????????????????????????????? | | ?????????????????????????????????????????????????? | +----------------------------------------------------+ Best States ------------- Heat Dissipation 28 Energy Generation 10 Energy Capacity 125 Matter Stores 300 Matter Capacity 300 Sight Range 16 Terrain Scan Density 10 Resistance: KI 20 Resistance: TH 20 Resistance: EX 20 Resistance: EM 20 Resistance: I 20 Resistance: S 20 Resistance: P 20 Evasion (%) 50 Recoil Reduction 2 Offensive Hacking 10 Item Schematics ----------------- None Robot Schematics ------------------ None Fabricated ------------ Nothing Alien Tech Used ----------------- None Achievements -------------- None Challenges ------------ None Game ------ Seed RecoilWeldingActivator Manual? 0 Play Time 00:07:04 Cumulative 52.6 hours Start 2022.02.26 @ 03:49:35 End 2022.02.26 @ 03:55:33 Sessions 1 Manual Loads 0 Difficulty Adventurer Special Mode None Game No. 65 Rogue 29 Adventurer 36 Explorer 0 Win Type - Total 0 Types 0/0/0/0/0/0/0/0/0 Lore% 21 Gallery% 41 Achievement% 25 Wizard Run 0 Options --------- ASCII 0 Keyboard 0 Movement Mouse Keybinds 0 Fullscreen 2 Font 16/Proggy Map View 76x50 Tactical HUD 1 Map Filters NONE Filters NONE Steam 1 RUN: 86e88870-83a5-43eb-a6e9-cdd0862f8bb3